 Dungeon Sprint DCSS version 0.31-a0-271-gb88eb75e06 (webtiles) character file.

Game seed: 13637234664539107394

9629 garrulousMonolith the Carver (level 11, -19/82 HPs)
             Began as an Octopode Shapeshifter on July 14, 2023.
             Was the Champion of Cheibriados.
             Demolished by a stone giant (39 damage)
             ... in the Dungeon (Sprint V: "Ziggurat Sprint").
             The game lasted 00:03:33 (837 turns).

garrulousMonolith the Carver (Octopode Shapeshifter) Turns: 837, Time: 00:03:33

Health: -19/82     AC:  1    Str: 44    XL:     11   Next: 49%
Magic:  18/18      EV: 23    Int: 38    God:    Cheibriados [******]
Gold:   0          SH: 35    Dex: 41    Spells: 10/10 levels left

rFire   . . .        F - +11 Screaming Sword {sonic wave}
rCold   . . .        K - +18 shield of the Gong {Loud rN+ Will+ rCorr EV-5}
rNeg    + + .        (helmet restricted)
rPois   +            S - amulet of the Air {Inacc Air Fly rElec RMsl}
rElec   +            r - ring of flight
rCorr   +            s - +6 ring of dexterity
SInv    .            t - +6 ring of dexterity
Will    +....        u - +6 ring of intelligence
Stlth   ++++         v - +6 ring of intelligence
HPRegen 0.33/turn    w - +6 ring of strength
MPRegen 0.16/turn    x - +6 ring of strength
                     L - ring "Vuttis" {rElec rPois rN+}

%: no teleportation, repel missiles
@: maw-form, flying, very slow
A: devouring maw, almost no armour, amphibious, 8 rings, camouflage 1,
gelatinous body 1, (nimble swimmer 1), tentacles
a: Begin Untransformation, Renounce Religion, Bend Time, Temporal Distortion,
Slouch, Step From Time


You were in the Dungeon.
You worshipped Cheibriados.
Cheibriados was exalted by your worship.
You were a creature with a mouth for a stomach.
You visited 1 branch

Inventory:

Hand Weapons
 F - the +11 Screaming Sword (weapon) {sonic wave}
   (You found it in the Dungeon)
 G - the +8 lance "Wyrmbane" {slay drac, rPois rF+ rC+ AC+3}
   (You found it in the Dungeon)

   AC:        It affects your AC (+3).
   rF:        It protects you from fire.
   rC:        It protects you from cold.
   rPois:     It protects you from poison.
 H - the +6 shillelagh "Devastator" {shatter}
   (You found it in the Dungeon)
 I - the +9 sword of Zonguldrok {reap}
   (You found it in the Dungeon)
 J - the +16 obsidian axe {drain, demonic, Mesm Drain Fly SInv}
   (You found it in the Dungeon)

   Mesm:      Its wielder is mesmerised by any visible foes, and it cannot be
   unequipped while any foes are visible.
   SInv:      It lets you see invisible.
   Fly:       It grants you flight.
   Drain:     It drains your maximum health when unequipped.
Armour
 K - the +18 shield of the Gong (worn) {Loud rN+ Will+ rCorr EV-5}
   (You found it in the Dungeon)

   Loud:      It is deafeningly noisy when blocking attacks.
   EV:        It affects your evasion (-5).
   rN:        It protects you from negative energy.
   rCorr:     It protects you from acid and corrosion.
   Will:      It increases your willpower.
Jewellery
 r - a ring of flight (left tentacle)
 s - a +6 ring of dexterity (right tentacle)
 t - a +6 ring of dexterity (on tentacle)
 u - a +6 ring of intelligence (on tentacle)
 v - a +6 ring of intelligence (on tentacle)
 w - a +6 ring of strength (on tentacle)
 x - a +6 ring of strength (on tentacle)
 L - the ring "Vuttis" (on tentacle) {rElec rPois rN+}
   (You found it in the Dungeon)

   [ring of poison resistance]

   rElec:     It insulates you from electricity.
   rPois:     It protects you from poison.
   rN:        It protects you from negative energy.
 M - the amulet "Tawn" {Spirit rPois}
   (You found it in the Dungeon)

   [amulet of guardian spirit]

   It causes incoming damage to be divided between your reserves of health and
   magic.
   rPois:     It protects you from poison.
 N - a ring of fire
 P - a +5 ring of evasion
 R - a +5 ring of evasion
 S - the amulet of the Air (around mantle) {Inacc Air Fly rElec RMsl}
   (You found it in the Dungeon)

   [amulet of nothing]

   Inacc:     It reduces the accuracy of your attacks and spells.
   Air:       It enhances your air magic.
   rElec:     It insulates you from electricity.
   Fly:       It grants you flight.
   RMsl:      It protects you from missiles.
 T - a +5 ring of evasion
Talismans
 b - a beast talisman
 B - a beast talisman
 C - a blade talisman
 D - a maw talisman
 E - a serpent talisman
Wands
 y - a wand of mindburst (7)
 z - a wand of iceblast (7)
 A - a wand of quicksilver (10)
 O - a wand of polymorph (5)
 Q - a wand of flame (40)
Scrolls
 h - 4 scrolls of blinking
 l - 3 scrolls of brand weapon
 n - 4 scrolls of amnesia
 o - 7 scrolls of fog
 p - 5 scrolls of identify
 q - 2 scrolls of fear
Potions
 a - a potion of lignification
 c - 10 potions of curing
 d - 7 potions of heal wounds
 e - 6 potions of haste
 f - 7 potions of magic
 g - 3 potions of berserk rage
 i - 2 potions of brilliance
 j - a potion of invisibility
 k - 4 potions of resistance
 m - 5 potions of might


   Skills:
 + Level 10.4 Fighting
 * Level 13.6 Long Blades
 + Level 10.2 Dodging
 + Level 9.7 Shields
 - Level 2.0 Unarmed Combat
 * Level 10.3 Invocations
 * Level 13.4 Shapeshifting


You had 10 spell levels left.
You didn't know any spells.
Your spell library contained the following spells:

 Spells                   Type           Power      Damage    Failure   Level
 Kiss of Death            Conj/Necr      0%         2d5       8%          1
 Shock                    Conj/Air       0%         1d3       8%          1
 Ensorcelled Hibernation  Hex/Ice        0%         N/A       12%         2
 Lesser Beckoning         Tloc           0%         N/A       12%         2
 Passwall                 Tmut/Erth      0%         N/A       12%         2
 Searing Ray              Conj           0%         2d4       12%         2
 Dazzling Flash           Conj/Hex       0%         N/A       22%         3
 Gell's Gravitas          Tloc           0%         N/A       22%         3
 Hailstorm                Conj/Ice       0%         3d3       22%         3
 Inner Flame              Hex/Fire       0%         N/A       22%         3
 Summon Guardian Golem    Hex/Summ       0%         N/A       22%         3
 Swiftness                Air            0%         N/A       22%         3
 Teleport Other           Tloc           0%         N/A       22%         3
 Animate Dead             Necr           0%         N/A       58%         4
 Flame Wave               Conj/Fire      0%         2d4       58%         4
 Leda's Liquefaction      Hex/Erth       0%         N/A       58%         4
 Sticky Flame             Conj/Fire      0%         2d3       58%         4
 Summon Ice Beast         Ice/Summ       0%         N/A       58%         4
 Agony                    Necr           0%         N/A       91%         5
 Alistair's Intoxication  Tmut/Pois      0%         N/A       91%         5
 Borgnjor's Vile Clutch   Necr/Erth      0%         N/A       91%         5
 Lee's Rapid Deconstruct  Erth           0%         3d4*      91%         5
 Silence                  Hex/Air        0%         N/A       91%         5
 Summon Mana Viper        Hex/Summ       0%         N/A       91%         5
 Death Channel            Necr           0%         N/A       100%        6
 Leda's Unmaking          Conj/Erth      0%         9d1       100%        6
 Simulacrum               Ice/Necr       0%         N/A       100%        6
 Malign Gateway           Summ/Tloc      0%         N/A       100%        7
 Monstrous Menagerie      Summ           0%         N/A       100%        7
 Ozocubu's Refrigeration  Ice            0%         4d7       100%        7
 Polar Vortex             Ice            0%         N/A       100%        9


Dungeon Overview and Level Annotations

Branches:
Dungeon (1/1)

Altars:
Ashenzari
Cheibriados
Dithmenos
Elyvilon
Fedhas
Gozag
Hepliaklqana
Kikubaaqudgha
Makhleb
Nemelex Xobeh
Okawaru
Qazlal
Ru
Sif Muna
Trog
Uskayaw
Vehumet
Wu Jian
Xom
Yredelemnul
Zin
The Shining One
Jiyva
Lugonu

Annotations:
D 1 transporter


Innate Abilities, Weirdness & Mutations

You are a creature with a mouth for a stomach.
Your midsection houses a second, enormous mouth.
You cannot wear most types of armour.
You are amphibious.
You can wear up to eight rings at the same time.
Your skin changes colour to match your surroundings (Stealth+).
Your rubbery body absorbs attacks. (AC +1, EV +1)
((You are camouflaged when in or above water. (Stealth+)))
You have tentacles for arms and can constrict up to eight enemies at once.


Message History

The vault guard is lightly wounded.
The yaktaur is moderately wounded.
The shadow dragon is heavily wounded.
Your bite misses the shadow dragon.
The shadow dragon is heavily wounded.
You block the shadow dragon's attack.
SHROANNG!
You block the shadow dragon's attack.
GONNNNG!
You block the shadow dragon's attack.
SHROANNG!
You block the vault guard's attack.
PANG!
The vault guard hits you with a +0 great mace!
The stone giant completely misses you.
You slash the shadow dragon!
The Screaming Sword roars, "CUT!
CUT!
CUT AND SLASH!"
You send a blast of sound all around you.
The stone giant is moderately wounded.
The yaktaur captain is heavily wounded.
The vault guard is heavily wounded.
The stone giant is moderately wounded.
The yaktaur is heavily wounded.
The vault guard is moderately wounded.
The vault guard is heavily wounded.
The vault guard is moderately wounded.
The yaktaur is almost dead.
The shadow dragon is severely wounded.
You squeeze the shadow dragon!
The shadow dragon is almost dead.
You block the shadow dragon's attack.
SHROANNG!
You block the shadow dragon's attack.
PTOANNNG!
You block the shadow dragon's attack.
BOUMMMMG!
The vault guard hits you from afar with a +0 bardiche!
The vault guard hits you with a +0 great mace!!
* * * LOW HITPOINT WARNING * * *
The stone giant hits you!!!
You die...

▓▓▓▓▓▓▓▓▓▓▓▓
▓...8©8...▓...8©8...▓.
▓..:.:|.[.▓...)[||..▓.
▓..|==)"..▓.."[).[..▓.
▓.........▓.........▓.
▓....cp...▓.....)...▓.
▓..ppcD...▓....)....▓.
▓..cpDC...▓....))...▓.
▓..▓CW.▓..▓.........▓.
▓.........▓.▓..)..▓.▓.
▓....©....▓....©....▓▓
▓▓▓▓▓▓▓▓▓▓▓▓▓▓▓▓▓▓▓▓▓


You could see 2 shadow dragons, 2 stone giants, a yaktaur captain, 4 vault
guards and 2 yaktaurs.

Vanquished Creatures
  2 ironbound preservers (D)
  2 vampire knights (D)
  3 vault guards (D)
  A thrashing horror (D)
  A wizard (D)
  A wolf spider (D)
  2 vault sentinels (D)
  A freezing wraith (D)
  A yaktaur (D)
  A tarantella (D)
  3 shadows (D)
  2 redbacks (D)
  A chaos spawn (D)
  A hell hound (D)
  A floating eye (D)
  An orc warrior (D)
  2 phantoms (D)
  5 scorpions (D)
  3 wights (D)
  A crimson imp (D)
  2 quasits (D)
  3 orc priests (D)
  A jelly (D)
  An iron imp (D)
  3 orc wizards (D)
  2 shadow imps (D)
  3 white imps (D)
  3 ufetubi (D)
  An adder skeleton (D)
  An orc (D)
  A bat skeleton (D)
  2 bat zombies (D)
  2 endoplasms (D)
  A ball python skeleton (D)
  2 ball python zombies (D)
  A jackal zombie (D)
64 creatures vanquished.

Notes
Turn   | Place    | Note
-------+----------+-------------------------------------------
     0 | D        | garrulousMonolith the Octopode Shapeshifter began the quest
                  | for the Orb.
     0 | D        | Reached XP level 1. HP: 14/14 MP: 1/1
     0 | D        | Found a shimmering blue altar of Sif Muna.
     0 | D        | Found a bloodstained altar of Trog.
     0 | D        | Found a sacrificial altar of Ru.
     0 | D        | Found a stormy altar of Qazlal.
     0 | D        | Found an iron altar of Okawaru.
     1 | D        | Found a sparkling altar of Nemelex Xobeh.
     1 | D        | Found a blossoming altar of Fedhas.
     1 | D        | Found the +6 Majin-Bo {spellvamp, MP+6 Int+6}
     1 | D        | Found the +27 heavy crossbow "Sniper" {heavy, Acc+∞ SInv}
     1 | D        | Found the +10 dark maul {heavy}
     1 | D        | Found the +15 Maxwell's patent armour {-Cast -Tele rElec
                  | Will+ rCorr}
     1 | D        | Found the +18 shield of the Gong {Loud rN+ Will+ rCorr
                  | EV-5}
     1 | D        | Found the +16 obsidian axe {drain, demonic, Mesm Drain Fly
                  | SInv}
     1 | D        | Found the +7 great mace "Firestarter" {flame, immolate,
                  | rFlCloud rF++}
     1 | D        | Found the +6 shillelagh "Devastator" {shatter}
     1 | D        | Found the +11 plutonium sword {Contam Stlth-}
     1 | D        | Found the +8 lance "Wyrmbane" {slay drac, rPois rF+ rC+
                  | AC+3}
     1 | D        | Found the +9 sword of Zonguldrok {reap}
     1 | D        | Found the +13 scythe of Curses {drain, curses, Drain}
     1 | D        | Found the +9 sword of Power {lifebolt}
     1 | D        | Found the +7 mace of Variability {chaos, chaos arc}
     1 | D        | Found the +11 Singing Sword {sonic wave}
     1 | D        | Found the +8 storm bow {elec, penet}
     3 | D        | Found a transporter.
     3 | D        | Found an ancient bone altar of Kikubaaqudgha.
     3 | D        | Found a viscous altar of Jiyva.
     3 | D        | Found a corrupted altar of Lugonu.
     3 | D        | Found a hazy altar of Hepliaklqana.
     3 | D        | Found a burning altar of Makhleb.
     3 | D        | Found an opulent altar of Gozag.
    42 | D        | Became a worshipper of Cheibriados the Contemplative
    66 | D        | Reached XP level 2. HP: 19/19 MP: 2/2
    79 | D        | Entered arena 2.
    79 | D        | Found a transporter.
    85 | D        | Reached skill level 1 in Shields
    85 | D        | Reached XP level 3. HP: 3/25 MP: 3/3
    85 | D        | Reached * piety under Cheibriados
   157 | D        | Entered arena 3.
   157 | D        | Noticed a vault sentinel
   157 | D        | Noticed an ironbound preserver
   157 | D        | Noticed a wizard
   157 | D        | Found a transporter.
   164 | D        | Killed a vault sentinel
   165 | D        | Reached XP level 4. HP: 26/34 MP: 4/4
   165 | D        | Reached XP level 5. HP: 29/38 MP: 5/5
   165 | D        | Reached XP level 6. HP: 35/45 MP: 6/6
   170 | D        | Killed a wizard
   171 | D        | Reached skill level 5 in Shields
   171 | D        | Reached XP level 7. HP: 52/52 MP: 7/7
   171 | D        | Killed an ironbound preserver
   171 | D        | Reached ** piety under Cheibriados
   172 | D        | Reached skill level 10 in Shapeshifting
   172 | D        | Reached XP level 8. HP: 60/60 MP: 8/8
   180 | D        | Entered arena 4.
   180 | D        | Found a transporter.
   184 | D        | Reached *** piety under Cheibriados
   185 | D        | Reached XP level 9. HP: 64/64 MP: 9/9
   193 | D        | Got the ring "Vuttis" {rElec rPois rN+}
   209 | D        | Entered arena 5.
   209 | D        | Found a transporter.
   211 | D        | Reached **** piety under Cheibriados
   218 | D        | Got the Directory of Coruscating Changes
   222 | D        | Entered arena 6.
   222 | D        | Found the +8 orange crystal plate armour {Archmagi, Int+3
                  | Clar}
   222 | D        | Found a transporter.
   226 | D        | Reached ***** piety under Cheibriados
   228 | D        | Reached skill level 10 in Long Blades
   233 | D        | Got the amulet "Tawn" {Spirit rPois}
   240 | D        | Got Nysyoth's Volume of Execration and Calefaction
   249 | D        | Entered arena 7.
   250 | D        | Found a transporter.
   252 | D        | Reached ****** piety under Cheibriados
   255 | D        | Reached skill level 1 in Invocations
   260 | D        | Got the Dissertation on Invitation and the Rocks
   266 | D        | Entered arena 8.
   266 | D        | Noticed a vault guard
   266 | D        | Noticed a yaktaur
   266 | D        | Noticed a vault guard
   266 | D        | Noticed an ironbound preserver
   266 | D        | Noticed a vault guard
   266 | D        | Noticed a vault sentinel
   267 | D        | Found a transporter.
   272 | D        | Killed a yaktaur
   274 | D        | Killed an ironbound preserver
   275 | D        | Killed a vault sentinel
   276 | D        | Reached skill level 5 in Invocations
   276 | D        | Reached XP level 10. HP: 61/73 MP: 7/14
   277 | D        | Killed a vault guard
   280 | D        | Killed a vault guard
   282 | D        | Killed a vault guard
   359 | D        | Entered arena 9.
   359 | D        | Noticed a thrashing horror
   360 | D        | Found a transporter.
   361 | D        | Killed a thrashing horror
   414 | D        | Entered arena 10.
   415 | D        | Found a transporter.
   438 | D        | Entered arena 11.
   438 | D        | Found the amulet of the Air {Inacc Air Fly rElec RMsl}
   438 | D        | Noticed a wolf spider
   439 | D        | Found a transporter.
   442 | D        | Reached XP level 11. HP: 81/81 MP: 17/17
   443 | D        | Killed a wolf spider
   571 | D        | Entered arena 12.
   571 | D        | Noticed a vampire knight
   572 | D        | Noticed a vampire knight
   573 | D        | Found a transporter.
   575 | D        | Reached skill level 10 in Fighting
   578 | D        | Killed a vampire knight
   579 | D        | Reached skill level 10 in Dodging
   581 | D        | Killed a vampire knight
   582 | D        | Reached skill level 10 in Invocations
   832 | D        | Entered arena 13.
   832 | D        | Found the dreamshard necklace {Acrobat *Dream}
   832 | D        | Noticed a shadow dragon
   832 | D        | Noticed a vault guard
   832 | D        | Noticed a vault guard
   832 | D        | Noticed a shadow dragon
   832 | D        | Noticed a stone giant
   832 | D        | Noticed a stone giant
   833 | D        | Noticed a yaktaur captain
   833 | D        | Noticed a vault guard
   833 | D        | Noticed a vault guard
   834 | D        | Found a transporter.
   837 | D        | Demolished by a stone giant

Illustrated notes

Levels and vault maps discovered:
D:        sprint_v [room_start, room_1, room_2, room_3, room_4, room_5, room_6,
          room_7, room_8, room_9, room_10, room_11, room_12, room_13, room_14,
          room_15, room_16, room_17, room_18, room_19, room_20, room_21,
          room_22, room_23, room_24, room_25, room_26, room_27]

Skill      XL: |  1  2  3  4  5  6  7  8  9 10 11 |
---------------+----------------------------------+-----
Shapeshifting  | 6 7 8 9 10 11 12 13 | 13.4
Long Blades    | 2 6 8 9 11 12 13 | 13.6
Shields        | 1 4 5 6 7 9 |  9.7
Fighting       | 4 6 7 8 9 10 | 10.4
Dodging        | 4 6 7 8 9 10 | 10.2
Invocations    | 5 8 10 | 10.3
Unarmed Combat | |  2.0

Action                     |  1- 3 |  4- 6 |  7- 9 | 10-12 || total
---------------------------+-------+-------+-------+-------++-------
  Melee: Double sword      |     5 |     5 |    20 |    33 ||    63
         Constrict         |     3 |       |     4 |     8 ||    15
         Maw               |     2 |       |     5 |    10 ||    17
         Tentacles         |     1 |     3 |     2 |    11 ||    17
         Punch             |       |       |     1 |     1 ||     2
 Invoke: Slouch            |       |       |       |     1 ||     1
    Use: Potion            |     4 |     1 |       |       ||     5
 Armour: Skin              |     1 |       |       |     1 ||     2
  Dodge: Dodged            |     2 |     1 |     5 |    16 ||    24
  Block: Kite shield       |    15 |     7 |    28 |    57 ||   107
   Form: Maw               |     1 |       |       |       ||     1

Table legend: (Time is in decaauts)
 A = Elapsed time spent in this place.
 B = Non-inter-level travel time spent in this place.
 C = Inter-level travel time spent in this place.
 D = Time resting spent in this place.
 E = Time spent auto-exploring this place.
 F = Levels seen in this place.
 G = Mean time per level.
                   A        B        C        D        E       F      G
               +--------+--------+--------+--------+--------+-----+--------+
         Total |    954 |    954 |      0 |    507 |      0 |   1 |  954.0 |
       Dungeon |    954 |    954 |      0 |    507 |      0 |   1 |  954.0 |
               +--------+--------+--------+--------+--------+-----+--------+

Top non-repeatable levels by time:
       D: 954 daAuts
